 Dungeon Crawl Stone Soup version 0.18-a0-960-g77c8fc5 (webtiles) character file.

157 JokEr the Skirmisher (level 5, -1/48 HPs)
             Began as a Minotaur Fighter on Dec 31, 2015.
             Slain by an ogre
             ... wielding a +0 giant spiked club
              (15 damage)
             ... on level 4 of the Dungeon.
             The game lasted 00:03:33 (2215 turns).

JokEr the Skirmisher (Minotaur Fighter)             Turns: 2215, Time: 00:03:33

Health: -1/48      AC:  6    Str: 27    XL:     5   Next: 15%
Magic:  4/4        EV:  7    Int:  5    God:
Gold:   200        SH: 10    Dex:  9    Spells: 0 memorised, 4 levels left

rFire  . . .     SeeInvis .     a - +1 long sword
rCold  . . .     Gourm    .     b - +0 scale mail
rNeg   . . .     Faith    .     c - +0 shield
rPois  .         Spirit   .     (helmet restricted)
rElec  .         Dismiss  .     (no cloak)
rCorr  .         Reflect  .     (no gloves)
SustAt +         Harm     .     (no boots)
MR     .....                    o - amulet of regeneration
Stlth  ..........               k - ring of sustain attributes
                                e - ring of wizardry

@: mighty, not resistant to hostile enchantments, extremely unstealthy
A: retaliatory headbutt, horns 2
a: no special abilities


You were on level 4 of the Dungeon.
You were not hungry.

You visited 1 branch of the dungeon, and saw 4 of its levels.

You collected 200 gold pieces.

Inventory:

Hand Weapons
 a - a +1 long sword (weapon)
Armour
 b - a +0 scale mail (worn)
 c - a +0 shield (worn)
Jewellery
 e - a ring of wizardry (left hand)
 h - an uncursed ring of ice
 k - a ring of sustain attributes (right hand)
 o - an amulet of regeneration (around neck)
Scrolls
 g - a scroll of remove curse
 i - a scroll of fog
 t - 2 scrolls of identify
Potions
 j - a potion of heal wounds {unknown}
 n - a potion of degeneration
 p - a potion of curing {unknown}
 q - 2 potions of agility
 u - a potion of beneficial mutation {unknown}
Comestibles
 f - 6 bread rations
 l - 2 fruits
 m - a meat ration
 r - 2 chunks of flesh
 s - a beef jerky


   Skills:
 + Level 5.4 Fighting
 + Level 5.0 Long Blades
 - Level 3.6 Armour
 - Level 3.6 Shields


You had 4 spell levels left.
You didn't know any spells.

Dungeon Overview and Level Annotations

Branches:
Dungeon (4/15)
 Temple: D:4-7

Altars:
Fedhas
Makhleb
Pakellas
Qazlal


Innate Abilities, Weirdness & Mutations

You reflexively headbutt those who attack you in melee.
You have a pair of horns on your head.


Message History

You headbutt the jackal skeleton. The orc hits you but does no damage.
You block the orc's attack. The jackal skeleton barely misses you.
You slash the orc!
You kill the orc!
You hit the jackal skeleton. You headbutt the jackal skeleton.
You destroy the jackal skeleton!
The orc barely misses you.
Your scale mail prevents you from hitting the ogre.
The ogre hits you with a giant spiked club!
You block the orc's attack.
You hit the ogre.
The ogre is moderately wounded.
The ogre hits you with a giant spiked club!!
* * * LOW HITPOINT WARNING * * *
The orc completely misses you. You furiously retaliate!
You headbutt the orc!
You kill the orc!
Drink which item? (? for menu, Esc to quit)
You feel very mighty all of a sudden.
The ogre hits you with a giant spiked club!
You die...

..###...######......#
###E#...#E#...#.##### #
###...######<##
##.#####...# ### . .#.#
#>..# ## .. ...# #...# ..
.. ...# #...#######.##.#
...# #.........#...)#
...#####...#####@#..####.
................!Oo......
................#.......>
..................#.##.##
..####.#...#.###.##..#
#.# #.#(#....... .# #.#
#..###..###. .# #.# ##.##
##.# #. . #.# #.## #(###
##


You could see an ogre and an orc.

Vanquished Creatures
  A giant frog skeleton (D:4)
  A worker ant (D:4)
  4 adders
  A worm (D:2)
  5 giant geckos
  2 orcs (D:4)
  2 ball pythons (D:2)
  3 giant cockroaches
  5 goblins
  4 hobgoblins
  5 jackals
  A quokka (D:3)
  10 bats
  4 giant newts
  A jackal skeleton (D:4)
  5 kobolds
  4 rats
58 creatures vanquished.

Notes
Turn   | Place    | Note
--------------------------------------------------------------
     0 | D:1      | JokEr the Minotaur Fighter began the quest for the Orb.
     0 | D:1      | Reached XP level 1. HP: 19/19 MP: 0/0
   247 | D:1      | Reached XP level 2. HP: 27/27 MP: 1/1
   259 | D:1      | Reached skill level 4 in Fighting
   765 | D:2      | Reached XP level 3. HP: 27/34 MP: 2/2
   846 | D:2      | Found a burning altar of Makhleb.
   847 | D:2      | Found an oddly glowing altar of Pakellas.
   848 | D:2      | Found a blossoming altar of Fedhas.
   967 | D:2      | Reached XP level 4. HP: 38/41 MP: 3/3
  1465 | D:3      | Reached skill level 5 in Fighting
  1979 | D:4      | Reached XP level 5. HP: 44/48 MP: 4/4
  2054 | D:4      | Found a stormy altar of Qazlal.
  2058 | D:4      | Noticed a fire elemental
  2062 | D:4      | Reached skill level 5 in Long Blades
  2063 | D:4      | Noticed a water elemental
  2186 | D:4      | Noticed an air elemental
  2205 | D:4      | Noticed an ogre
  2215 | D:4      | Slain by an ogre

Vault maps used:
D:1:      minmay_arrival_arboretum_large, serial_forest,
          infiniplex_forest_clump_small, infiniplex_forest_clump_medium,
          infiniplex_forest_clump_tiny, infiniplex_forest_lined_4_way,
          infiniplex_forest_clump_diagonal, infiniplex_forest_clump_small,
          infiniplex_forest_lined_2, infiniplex_forest_lined_4_way,
          infiniplex_forest_lined_3, infiniplex_forest_clump_tiny
D:2:      gammafunk_temple_overflow_claw
D:4:      nicolae_qazlal_style_of_elements, first_bread

Action                   |  1- 3 |  4- 6 || total
-------------------------+-------+-------++-------
Melee: Long sword        |    75 |    42 ||   117
  Use: Scroll            |     6 |     7 ||    13
       Potion            |       |     1 ||     1
  Eat: Chunk             |       |     4 ||     4
